Map: Cerulean Fall LE

Players

JGermanBL

  • Race: Zerg Zerg
  • League: Diamond
  • Spawn Location: 1:00

Dinok - Winner!

  • Race: Zerg Zerg
  • League: Diamond
  • Spawn Location: 7:00

VOD

Have the link to the VOD?

Description

Time

  • Played on: Aug. 22, 2018, 9:49 a.m.
  • Length: 8:11
Show
View Real Time Build Order
Export as new Build Order

JGermanBL Zerg 

Build Orders: Pool Only, Swarm Host 

Get SALT Encoding   

  12  0:04  Drone  
  13  0:09  Drone  
  14  0:27  Spawning Pool  
  13  0:29  Drone  
  13  0:32  Extractor  
  13  0:35  Drone  
  13  0:42  Extractor  
  13  0:43  Drone  
  15  0:50  Overlord  
  15  1:14  Zergling x4  
  15  1:15  Queen, Zergling x2  
  20  1:25  Drone  
  21  1:36  Drone  
  22  1:44  Spine Crawler  
  21  1:47  Drone  
  21  1:49  Extractor  
  21  1:51  Lair  
  21  1:57  Drone  
  22  2:08  Overlord  
  21  2:34  Overlord  
  21  2:38  Overlord  
  19  2:46  Drone  
  19  2:47  Drone  
  21  2:52  Infestation Pit  
  21  2:53  Drone  
  21  2:58  Drone, Queen  
  24  3:10  Drone  
  25  3:20  Drone, Nydus Network  
  25  3:23  Drone  
  27  3:27  Drone  
  27  3:34  Swarm Host  
  30  3:45  Spine Crawler  
  29  3:54  Swarm Host  
  32  4:05  Swarm Host  
  35  4:14  Queen  
  37  4:27  Nydus Canal  
  37  4:38  Swarm Host  
  37  4:42  Drone  
  41  4:50  Queen  
  36  4:54  Swarm Host  
  39  5:10  Swarm Host  
  39  5:24  Spine Crawler  
  39  5:25  Queen  
  39  5:26  Nydus Canal  
  39  5:28  Zergling x2  
  41  5:34  Zergling x2  
  39  5:39  Swarm Host  
  39  6:09  Spine Crawler  
  39  6:10  Spine Crawler  
  34  6:39  Swarm Host x2  
  31  6:56  Queen  
  33  7:17  Drone x3  
  36  7:24  Nydus Canal  
  36  7:34  Queen  
Show
View Real Time Build Order
Export as new Build Order

Dinok Zerg - Winner!

Build Orders: Pool First 

Get SALT Encoding   

  12  0:01  Drone  
  13  0:13  Overlord  
  13  0:17  Drone  
  14  0:32  Drone x2  
  16  0:36  Drone  
  17  0:46  Spawning Pool  
  17  0:49  Drone  
  17  1:10  Hatchery  
  16  1:16  Drone x2  
  18  1:21  Drone  
  19  1:30  Extractor  
  18  1:34  Queen  
  18  1:37  Zergling x2  
  21  1:40  Zergling x2  
  22  1:50  Overlord  
  22  2:05  Overlord  
  21  2:16  Zergling x2  
  21  2:24  Zergling x4  
  22  2:34  Zergling x4  
  22  2:44  Queen  
  22  2:50  Zergling x2  
  22  2:51  Zergling x4  
  27  2:56  Zergling x2  
  28  3:01  Zergling x2  
  28  3:03  Zergling x2  
  30  3:10  Metabolic Boost  
  30  3:24  Spine Crawler  
  29  3:28  Drone x2  
  29  3:29  Drone  
  32  3:37  Baneling Nest  
  32  3:39  Zergling x2  
  29  3:58  Zergling x2  
  29  3:59  Zergling x8  
  32  4:10  Zergling x2  
  32  4:11  Zergling x6  
  32  4:15  Zergling x2  
  37  4:21  Baneling x4  
  37  4:31  Zergling x2  
  37  4:32  Zergling x2  
  39  4:40  Zergling x4  
  32  5:05  Zergling x14  
  34  5:21  Zergling x2  
  35  5:26  Baneling x3  
  35  5:34  Zergling x2  
  35  5:35  Zergling x2  
  30  6:08  Zergling x12  
  33  6:14  Baneling x4  
  33  6:15  Zergling x4  
  33  6:16  Zergling x2  
  35  6:22  Baneling x2  
  35  6:51  Zergling x12  
  35  6:52  Zergling x4  
  35  7:05  Drone, Roach Warren  
  35  7:21  Baneling x2  
  35  7:22  Baneling x3  
  35  7:28  Zergling x6  
  38  7:34  Zergling x4  
Tags
 
Add a new tag
Caveats
  • Supply blocks, unpowered buildings, or Contaminate may cause inaccurate times.
  • Supply counts are checked every 10 seconds.